Map: Overgrown Facility

Players

derHase

  • Race: Terran Terran
  • League: Diamond
  • Spawn Location: 1:00

Varoshka

  • Race: Protoss Protoss
  • League: Diamond
  • Spawn Location: 3:00

ggwp - Winner!

  • Race: Terran Terran
  • League: Gold
  • Spawn Location: 7:00

PureLegacy - Winner!

  • Race: Terran Terran
  • Spawn Location: 9:00

VOD

Have the link to the VOD?

Description

Time

  • Played on: Dec. 4, 2018, 6:38 p.m.
  • Length: 10:35
Show
View Real Time Build Order
Export as new Build Order

derHase Terran 

Build Orders:  

Get SALT Encoding   

  12  0:01  SCV  
  13  0:13  SCV  
  14  0:18  Supply Depot  
  14  0:25  SCV  
  15  0:40  SCV  
  15  0:41  Barracks  
  16  0:45  Refinery  
  16  0:52  SCV  
  17  1:04  SCV  
  17  1:09  Barracks  
  18  1:16  SCV  
  19  1:28  Orbital Command  
  19  1:31  Barracks Reactor  
  19  1:35  Refinery  
  19  1:42  Supply Depot  
  20  1:54  SCV  
  20  1:57  Barracks Tech Lab  
  20  2:03  Supply Depot  
  20  2:07  Marine x2  
  22  2:12  SCV  
  23  2:16  Marauder  
  23  2:17  Concussive Shells  
  25  2:25  Marine x2  
  27  2:33  Factory  
  27  2:40  Marauder  
  27  2:43  Marine x2  
  31  2:54  Supply Depot  
  31  3:01  Marine x2  
  31  3:05  Marauder  
  35  3:18  Stimpack  
  35  3:19  Marine  
  36  3:27  Starport  
  32  3:40  Marine x2  
  32  3:41  Marauder  
  36  3:43  Factory Reactor  
  36  3:46  SCV  
  37  3:54  Supply Depot  
  37  3:58  SCV  
  37  3:59  Marine x2  
  40  4:11  Marauder  
  41  4:17  Marine x2  
  43  4:26  Medivac  
  43  4:27  Medivac  
  47  4:34  SCV  
  47  4:35  Marine x2  
  50  4:58  Command Center  
  50  5:01  Medivac x2  
  54  5:10  Marine  
  55  5:39  Marauder  
  43  6:11  Medivac x2  
  43  6:12  Marine x3  
  43  6:13  Factory Reactor  
  49  6:18  Engineering Bay  
  49  6:20  Engineering Bay  
  37  6:30  Marine  
  37  6:31  Marauder  
  40  6:37  Combat Shield  
  40  6:39  Marine  
  41  6:46  Terran Infantry Weapons Level 1  
  41  6:48  Marine  
  41  6:52  Marauder  
  44  6:56  Marine  
  45  7:04  Orbital Command  
  45  7:06  Missile Turret  
  45  7:14  Marauder  
  47  7:19  SCV  
  48  7:28  Terran Infantry Armor Level 1  
  48  7:31  SCV  
  48  7:35  Marauder  
  51  7:38  Viking  
  51  7:39  Viking  
  51  7:41  SCV  
  56  7:46  SCV  
  57  7:53  SCV  
  58  7:59  SCV  
  59  8:06  SCV  
  59  8:08  Viking  
  59  8:09  Viking  
  59  8:11  SCV  
  65  8:18  SCV  
  66  8:23  SCV  
  67  8:30  SCV  
  67  8:31  Refinery  
  68  8:35  SCV  
  56  8:42  SCV  
  56  8:47  SCV  
  37  8:59  SCV  
  37  9:00  Orbital Command  
  20  9:11  SCV  
  20  9:13  Marine x3  
  23  9:20  Widow Mine x2  
  27  9:31  Viking x2, Marine x3  
  31  9:57  SCV  
  32  10:00  Widow Mine x2  
  32  10:03  SCV  
  37  10:09  SCV  
  38  10:15  SCV  
  40  10:21  SCV  
Show
View Real Time Build Order
Export as new Build Order

Varoshka Protoss 

Build Orders: 1 Gate Expand 

Get SALT Encoding   

  12  0:00  Probe  
  13  0:13  Probe  
  14  0:22  Pylon  
  14  0:25  Probe  
  15  0:37  Probe  
  15  0:40  Gateway  
  16  0:45  Probe  
  16  0:49  Assimilator  
  17  0:54  Probe  
  18  1:06  Probe  
  19  1:18  Probe  
  20  1:30  Nexus  
  20  1:38  Cybernetics Core  
  20  1:40  Probe  
  21  1:57  Gateway  
  21  1:59  Pylon  
  21  2:03  Assimilator  
  21  2:05  Stalker  
  22  2:18  Warp Gate  
  22  2:21  Probe  
  23  2:33  Probe  
  23  2:35  Stalker  
  24  2:40  Stalker  
  28  2:52  Shield Battery  
  28  3:04  Stalker  
  27  3:09  Probe  
  26  3:13  Probe  
  26  3:18  Probe  
  27  3:25  Probe  
  27  3:26  Stalker  
  31  3:27  Probe  
  32  3:37  Probe  
  33  3:45  Probe x2  
  34  3:54  Twilight Council  
  35  3:57  Probe  
  35  4:02  Probe  
  37  4:11  Gateway  
  37  4:14  Gateway, Pylon  
  37  4:24  Stalker, Sentry  
  41  4:49  Probe x2  
  41  4:51  Blink  
  42  4:55  Stalker x2  
  42  4:58  Pylon  
  46  5:03  Probe  
  46  5:06  Probe  
  48  5:11  Probe  
  48  5:18  Probe  
  48  5:20  Probe  
  47  5:30  Probe  
  47  5:32  Probe  
  49  5:42  Probe  
  50  5:44  Stalker x2, Probe  
  55  5:53  Stalker  
  57  5:59  Stalker  
  57  6:01  Gateway  
  54  6:31  Probe x2  
  53  6:43  Probe  
  53  6:44  Probe  
  54  6:53  Robotics Facility  
  54  6:56  Probe x2  
  54  7:08  Probe x2  
  56  7:20  Probe x2  
  56  7:21  Pylon  
  58  7:32  Probe  
  58  7:33  Pylon  
  58  7:36  Observer  
  60  7:48  Templar Archives  
  60  7:58  Stalker x2  
  64  8:01  Nexus, Sentry  
  64  8:03  Pylon  
  66  8:09  Assimilator  
  66  8:11  Shield Battery  
  66  8:16  Assimilator  
  65  8:34  Stalker x2  
  65  8:35  Stalker x2  
  65  8:36  Stalker  
  67  9:04  Stalker  
  67  9:05  Stalker x2  
  67  9:06  Stalker  
  71  9:30  Probe x2  
  72  9:32  Probe  
  73  9:42  Probe x2  
  73  9:44  Probe  
  75  9:49  High Templar  
  77  9:54  Probe x2  
  77  9:56  Probe  
Show
View Real Time Build Order
Export as new Build Order

ggwp Terran - Winner!

Build Orders: Gas First Reaper Expand, Hellion Banshee 

Get SALT Encoding   

  12  0:01  SCV  
  13  0:13  SCV  
  14  0:20  Supply Depot  
  14  0:25  SCV  
  15  0:32  Refinery  
  15  0:42  SCV  
  16  0:48  Barracks  
  16  0:54  SCV  
  17  1:06  SCV  
  19  1:18  SCV  
  19  1:30  SCV  
  19  1:42  Orbital Command  
  19  1:44  Reaper  
  20  1:55  Command Center  
  20  2:08  Supply Depot, SCV  
  21  2:16  Factory  
  21  2:22  Barracks Reactor  
  21  2:23  SCV  
  21  2:28  Refinery  
  22  2:35  SCV  
  23  2:47  SCV  
  24  2:59  SCV  
  25  3:12  SCV  
  25  3:14  Starport  
  25  3:15  Orbital Command  
  25  3:20  Hellion  
  25  3:21  Hellion, Barracks Tech Lab  
  25  3:24  SCV  
  30  3:36  SCV  
  30  3:39  Supply Depot  
  31  3:42  Hellion x2  
  31  3:48  SCV x2  
  37  3:57  Medivac  
  37  3:58  Cloaking Field  
  39  4:03  Hellion  
  39  4:04  Hellion  
  39  4:05  SCV  
  39  4:06  SCV  
  45  4:13  Engineering Bay  
  45  4:22  SCV  
  45  4:23  SCV  
  47  4:27  Banshee  
  50  4:33  Widow Mine  
  50  4:34  Widow Mine  
  54  4:39  Supply Depot  
  54  4:45  Refinery x2  
  54  5:00  SCV x2  
  54  5:01  Widow Mine x2  
  60  5:08  Supply Depot  
  60  5:10  Command Center  
  60  5:12  SCV x2  
  62  5:29  SCV  
  62  5:31  Supply Depot  
  53  5:51  Siege Tank  
  53  5:52  Marine  
  58  5:58  SCV  
  58  6:02  Marine, Starport Tech Lab  
  43  6:19  SCV x2  
  42  6:29  Barracks Reactor  
  42  6:30  Factory Tech Lab  
  42  6:31  Banshee  
  43  6:36  SCV  
  43  6:37  SCV  
  43  6:49  SCV x2  
  45  6:58  Siege Tank  
  45  7:01  SCV x2  
  47  7:11  Liberator  
  47  7:13  SCV x2  
  47  7:14  Orbital Command  
  41  7:16  Marine x2  
  43  7:25  Factory, SCV x2  
  43  7:27  Supply Depot x2  
  48  7:37  SCV x2  
  48  7:42  Armory, SCV  
  48  7:44  Marine x2  
  51  7:49  SCV x2  
  55  7:56  Orbital Command  
  56  8:01  SCV x2  
  56  8:05  Siege Tank  
  60  8:13  SCV x2  
  62  8:25  SCV x2  
  62  8:26  SCV  
  65  8:29  Hellion x2  
  65  8:31  Factory  
  69  8:43  Siege Tank, Banshee  
  72  8:50  Hellion  
  74  8:58  Factory  
  74  8:59  Armory, SCV  
  75  9:17  Factory Tech Lab  
  75  9:19  Siege Tank  
  75  9:20  Widow Mine x2  
  75  9:21  SCV x3  
  85  9:27  Supply Depot x2  
  85  9:41  Supply Depot x2  
  85  9:48  SCV  
  85  9:49  Widow Mine x2  
  85  9:51  Siege Tank  
  93  10:01  Siege Tank  
  93  10:06  SCV x2  
  93  10:07  Factory Tech Lab  
  98  10:10  Factory  
  98  10:11  Factory  
  95  10:24  Factory  
  95  10:28  Starport Reactor  
Show
View Real Time Build Order
Export as new Build Order

PureLegacy Terran - Winner!

Build Orders:  

Get SALT Encoding   

  12  0:01  SCV  
  13  0:13  SCV  
  14  0:18  Supply Depot  
  14  0:25  SCV  
  15  0:30  Refinery  
  15  0:40  SCV  
  16  0:47  Barracks  
  16  0:52  SCV  
  17  1:03  Barracks  
  17  1:20  Barracks  
  17  1:25  SCV  
  18  1:34  Reaper  
  19  1:44  Orbital Command  
  19  1:47  Refinery  
  19  1:52  Reaper  
  20  2:06  Reaper  
  21  2:13  Reaper  
  23  2:16  Supply Depot  
  22  2:24  Reaper  
  23  2:38  SCV  
  23  2:39  Supply Depot, Reaper  
  25  2:49  Reaper  
  25  2:50  SCV  
  27  3:02  SCV  
  28  3:15  SCV  
  28  3:18  Command Center  
  32  3:27  SCV  
  32  3:38  Barracks Reactor, Barracks Tech Lab  
  32  3:39  SCV  
  29  3:44  Barracks Reactor  
  29  3:46  Factory  
  29  3:48  Bunker  
  29  3:51  SCV  
  30  4:02  Marine, Stimpack  
  31  4:08  SCV  
  28  4:17  Marine x2  
  28  4:19  Marine  
  28  4:20  SCV  
  28  4:23  Marine x2  
  34  4:29  Factory Reactor  
  34  4:30  Starport  
  35  4:32  Orbital Command  
  35  4:38  Marine x2  
  36  4:39  SCV  
  36  4:45  Marine x2  
  38  4:53  Marine  
  38  4:54  SCV  
  38  4:57  Engineering Bay  
  38  4:58  SCV  
  41  5:01  Marine x2  
  41  5:06  SCV  
  44  5:11  SCV  
  45  5:17  Factory Tech Lab, Medivac x2  
  45  5:18  SCV  
  50  5:24  Supply Depot  
  50  5:25  Terran Infantry Weapons Level 1  
  50  5:36  Siege Tank  
  50  5:37  SCV  
  54  5:45  Marine x5  
  54  5:46  SCV  
  54  5:49  Refinery, SCV  
  61  5:51  Refinery  
  61  5:58  SCV  
  61  6:00  Supply Depot  
  62  6:05  Barracks  
  62  6:07  Barracks, SCV  
  61  6:13  Marine  
  62  6:21  Supply Depot, Marine x4  
  62  6:22  SCV  
  64  6:30  Marine  
  64  6:31  Siege Tank  
  64  6:32  SCV  
  69  6:34  SCV  
  69  6:38  Combat Shield  
  70  6:43  Marine x3  
  70  6:44  Supply Depot  
  73  6:48  Medivac x2  
  73  6:50  SCV  
  78  6:55  Barracks Reactor x2  
  78  7:00  Supply Depot  
  78  7:06  SCV x2  
  80  7:16  Marine x5  
  80  7:21  Siege Tank  
  88  7:27  Medivac x2  
  92  7:37  Marine x2  
  92  7:42  Terran Infantry Armor Level 1, Supply Depot, Marine x7  
  92  7:43  Supply Depot  
  101  7:54  Marine  
  102  8:03  Marine x4  
  102  8:04  Siege Tank  
  109  8:06  Marine x2  
  109  8:07  Marine  
  109  8:08  Marine  
  113  8:13  Supply Depot  
  113  8:15  Supply Depot  
  113  8:23  Supply Depot  
  113  8:26  Medivac x2  
  107  8:36  Marine x3  
  108  8:44  Marine  
  108  8:45  Marine x3  
  107  8:50  Marine  
  107  8:51  Marine  
  107  8:54  Marine  
  110  8:56  Medivac x2  
  109  9:05  Siege Tank  
  109  9:09  Marine x3  
  109  9:10  Marine  
  102  9:26  Marine x3  
  102  9:27  Marine  
  106  9:35  Armory  
  106  9:36  SCV x2  
  106  9:37  Engineering Bay  
  106  9:38  Siege Tank  
  111  9:44  Command Center  
  111  9:48  Marine x7  
  111  9:49  Marine x2  
  120  9:55  SCV x2  
  122  10:05  Marine  
  122  10:06  Marine x3  
  126  10:08  SCV x2  
  126  10:13  Marine x5  
Tags
 
Add a new tag
Caveats
  • Supply blocks, unpowered buildings, or Contaminate may cause inaccurate times.
  • Supply counts are checked every 10 seconds.